 Dungeon Crawl Stone Soup version 0.28-b1-1-g3c77fb2ed1 (webtiles) character file.

Game seed: 17606816469954789040

12584 cayde69 the Geomancer (level 11, 0/129 HPs)
             Began as a Green Draconian Earth Elementalist on Jan 29, 2022.
             Slain by an eight-headed hydra (12 damage)
             ... on level 2 of the Lair of Beasts.
             The game lasted 00:59:26 (11083 turns).

cayde69 the Geomancer (DrEE)                       Turns: 11083, Time: 00:59:26

Health: 0/129      AC: 25    Str: 11    XL:     11   Next: 64%
Magic:  21/25      EV:  2    Int: 20    God:
Gold:   328        SH:  5    Dex: 11    Spells: 21/31 levels left

rFire   . . .      SeeInvis .   F - +4 scimitar
rCold   . . .      Faith    .   (no shield)
rNeg    . . .      Spirit   .   (armour unavailable)
rPois   +          Reflect  +   (helmet currently unavailable)
rElec   .          Harm     .   (cloak currently unavailable)
rCorr   +          Rampage  .   (gloves currently unavailable)
Will    .....      NoTele   +   (boots currently unavailable)
Stlth   ++........              k - amulet of reflection
HPRegen 0.31/turn               j - ring of resist corrosion
MPRegen 0.19/turn               (no ring)

@: short of breath, tree-form
A: stationary, stasis, torment immunity, boosted hp, (breathe noxious fumes), AC
+7, unfitting armour, (poison resistance), (cold-blooded)
a: no special abilities


You were on level 2 of the Lair of Beasts.
You were a tree.
You visited 2 branches of the dungeon, and saw 12 of its levels.

You collected 328 gold pieces.

Inventory:

Hand Weapons
 a - a +0 dagger
 c - a +0 whip
 g - a +0 short sword
 t - a +0 rapier
 x - a +1 hunting sling of freezing
 E - a +3 dagger
 F - a +4 scimitar (weapon)
 G - a +0 hand crossbow
 K - a +0 shortbow
Missiles
 b - 137 stones
 z - 109 arrows
 C - 111 sling bullets
 H - 53 bolts
 N - 7 poisoned darts
Armour
 d - a +0 robe
 e - a +0 ring mail
 i - a scarf of resistance (melded)
 u - a +0 robe
 v - a +4 plate armour
 B - a +1 pair of boots (melded)
 P - a scarf of invisibility
Magical Staves
 L - a staff of death
Jewellery
 j - a ring of resist corrosion (left branch)
 k - an amulet of reflection (around neck)
 D - an amulet of regeneration
Wands
 o - a wand of acid (6)
 y - a wand of flame (27)
 R - a wand of polymorph (2)
 U - a wand of iceblast (5)
 X - a wand of paralysis (6)
Scrolls
 f - 9 scrolls of teleportation
 h - 2 scrolls of noise
 l - 2 scrolls of magic mapping
 m - 3 scrolls of fog {unknown}
 s - 2 scrolls of vulnerability {unknown}
 w - a scroll of enchant armour {unknown}
 A - a scroll of blinking
 I - 5 scrolls of amnesia {unknown}
 M - a scroll of silence {unknown}
 O - a scroll of torment {unknown}
 S - a scroll of enchant weapon
 W - a scroll of identify
Potions
 n - 4 potions of degeneration
 p - a potion of cancellation {unknown}
 q - a potion of flight
 r - a potion of mutation {unknown}
 J - 2 potions of heal wounds {unknown}
 T - a potion of brilliance {unknown}
 V - a potion of attraction {unknown}


   Skills:
 - Level 5.0 Fighting
 - Level 3.3(6.6) Short Blades
 * Level 8.9(9.2) Long Blades
 - Level 1.7 Dodging
 - Level 1.7 Stealth
 + Level 0.3 Shields
 + Level 10.6 Spellcasting
 - Level 1.3 Conjurations
 - Level 1.0 Transmutations
 + Level 10.9 Earth Magic


You had 21 spell levels left.
You knew the following spells:

 Your Spells              Type           Power      Damage    Failure   Level
a - Sandblast             Erth           100%       2d20      1%          1
b - Stone Arrow           Conj/Erth      70%        3d11      1%          3
c - Iron Shot             Conj/Erth      17%        9d4       63%         6

Your spell library contained the following spells:

 Spells                   Type           Power      Damage    Failure   Level
 Passwall                 Tmut/Erth      28%        N/A       1%          2
 Petrify                  Tmut/Erth      34%        N/A       5%          4
 Mephitic Cloud           Conj/Pois/Air  12%        N/A       16%         3
 Ignite Poison            Fire/Tmut/Pois 11%        N/A       17%         3
 Ozocubu's Armour         Ice            10%        N/A       21%         3
 Statue Form              Tmut/Erth      22%        N/A       65%         6
 Blade Hands              Tmut           7%         N/A       75%         5
 Freezing Cloud           Conj/Ice/Air   6%         6-21      83%         5
 Metabolic Englaciation   Hex/Ice        5%         N/A       88%         5
 Simulacrum               Ice/Necr       5%         N/A       100%        6
 Animate Armour           Summ/Erth      Unusable   N/A       N/A         4

Dungeon Overview and Level Annotations

Branches:
Dungeon (11/15)            Temple (0/1) D:5            Lair (2/6) D:10
  Swamp: Lair:2-4    Shoals: Lair:2-4     Snake: Lair:2-4    Spider: Lair:2-4
    Orc: D:9-12

Altars:

Shops:
D:4 :=:


Innate Abilities, Weirdness & Mutations

You are a tree.
Your roots penetrate the ground, keeping you stationary.
You cannot be teleported.
You are immune to unholy pain and torment.
Your maximum health is greatly increased.
Your equipment is partially melded.
((You can breathe blasts of noxious fumes.))
((Your lurid green scales are hard. (AC +7)))
You cannot fit into any form of body armour.
((Your system is resistant to poisons. (rPois)))
((You are cold-blooded and may be slowed by cold attacks.))


Message History

Casting: Sandblast (safe; 1% risk of failure)
Confirm with . or Enter, or press ? or * to list all spells.
Aiming: Sandblast (safe; 1% risk of failure)
Press: ? - help, Shift-Dir - straight line, f/p - eight-headed hydra
Aim: an eight-headed hydra (severely wounded, 94% to hit)
The blast of sand hits the eight-headed hydra.
The eight-headed hydra is severely wounded.
The eight-headed hydra bites you but does no damage. x2
The eight-headed hydra bites you! x2
The eight-headed hydra barely misses you. x2
The eight-headed hydra closely misses you.
The eight-headed hydra bites you.
Unknown command.
Casting: Sandblast (safe; 1% risk of failure)
Confirm with . or Enter, or press ? or * to list all spells.
Aiming: Sandblast (safe; 1% risk of failure)
Press: ? - help, Shift-Dir - straight line, f/p - eight-headed hydra
Aim: an eight-headed hydra (severely wounded, 94% to hit)
The blast of sand hits the eight-headed hydra!!
The eight-headed hydra is almost dead.
You block the eight-headed hydra's attack.
The eight-headed hydra bites you.
* * * LOW HITPOINT WARNING * * *
The eight-headed hydra bites you but does no damage.
The eight-headed hydra bites you.
* * * LOW HITPOINT WARNING * * *
The eight-headed hydra barely misses you. x2
The eight-headed hydra bites you but does no damage.
The eight-headed hydra bites you!
* * * LOW HITPOINT WARNING * * *
You turn into a tree.
Your scarf of resistance melds into your body.
Your +1 pair of boots melds into your body.
You feel hot and cold all over.
Your roots penetrate the ground.
You block the eight-headed hydra's attack.
The eight-headed hydra bites you but does no damage.
You block the eight-headed hydra's attack.
The eight-headed hydra bites you but does no damage. x4
The eight-headed hydra bites you!
You die...

######.######.## .# #..#
#.# ##.# ## # # ..#
#..##P###.... # ..#
#............ ### #.###
##........... #.####.#.#
#....##..### .#..##..##
##...#.......
.......#.##.#...♣D......
................####.#..
..##.#P............
#.###........##.##P# ###
#.#.....####. # .#
###......# ## ##
##......# # #...)..## #
##.....##


You could see an eight-headed hydra.

Vanquished Creatures
  2 hydras
  A two-headed ogre (D:10)
  An ugly thing (D:11)
  4 cane toads
  2 komodo dragons
  A rime drake (Lair:2)
  4 blink frogs (Lair:1)
  A shadow (D:11)
  22 yaks
  4 basilisks
  3 wyverns
  9 water moccasins
  3 ice beasts
  An ogre (D:5)
  2 centaurs (D:9)
  4 kobold brigands
  5 bullfrogs
  A wyvern skeleton (D:6)
  2 scorpions (D:10)
  2 water moccasin zombies
  A water moccasin skeleton (D:4)
  8 killer bees (D:10)
  4 wights (D:9)
  An electric eel (Lair:2)
  A bullfrog zombie (D:5)
  A centaur zombie (D:9)
  2 hounds
  A jelly (D:4)
  An orc priest (D:4)
  A centaur skeleton (D:6)
  2 iguanas
  3 orc wizards
  A hound skeleton (D:5)
  A howler monkey zombie (D:9)
  Robin (D:3)
  5 adders
  A white imp (D:6)
  A worm (D:2)
  2 dart slugs
  9 orcs
  2 endoplasms
  5 giant cockroaches
  13 goblins
  8 hobgoblins
  10 jackals
  4 quokkas
  5 ball pythons
  4 bats
  2 frilled lizards
  24 kobolds
  A quokka skeleton (D:4)
  2 rats
201 creatures vanquished.

Vanquished Creatures (collateral kills)
  A killer bee (D:10)
  A howler monkey (D:10)
2 creatures vanquished.

Vanquished Creatures (others)
  4 fungi
  12 plants
16 creatures vanquished.

Grand Total: 219 creatures vanquished

Notes
Turn   | Place    | Note
-------+----------+-------------------------------------------
     0 | D:1      | cayde69 the Draconian Earth Elementalist began the quest
                  | for the Orb.
     0 | D:1      | Reached XP level 1. HP: 14/14 MP: 3/3
    64 | D:1      | Found a faded altar of an unknown god.
   190 | D:1      | Reached XP level 2. HP: 12/22 MP: 0/5
   729 | D:1      | Reached skill level 1 in Fighting
   914 | D:1      | Reached XP level 3. HP: 18/28 MP: 3/6
  2465 | D:2      | Reached XP level 4. HP: 22/35 MP: 5/8
  2932 | D:3      | Reached skill level 1 in Short Blades
  3049 | D:3      | Learned a level 3 spell: Stone Arrow
  3172 | D:3      | Noticed Robin
  3192 | D:3      | Killed Robin
  3546 | D:4      | Reached XP level 5. HP: 41/41 MP: 4/9
  3643 | D:4      | Found Unef's Book Boutique.
  3763 | D:4      | Reached XP level 6. HP: 50/50 MP: 8/11
  4170 | D:4      | Found Xakketon's Book Boutique.
  4286 | D:4      | Found Fowiylod's Jewellery Boutique.
  4411 | D:5      | Entered Level 5 of the Dungeon
  4457 | D:5      | Found a staircase to the Ecumenical Temple.
  4462 | D:5      | Noticed an ice beast
  4477 | D:5      | Killed an ice beast
  4478 | D:5      | Reached skill level 5 in Earth Magic
  4591 | D:5      | Your scales start taking on a lurid green colour.
  4591 | D:5      | Reached XP level 7. HP: 57/57 MP: 3/13
  4591 | D:5      | Gained mutation: Your system is resistant to poisons.
                  | (rPois) [Green Draconian growth]
  5271 | D:6      | Reached skill level 5 in Spellcasting
  6028 | D:7      | Reached skill level 1 in Conjurations
  6078 | D:7      | Reached XP level 8. HP: 62/66 MP: 8/16
  6463 | D:7      | You fall into a shaft and drop 2 floors!
  6489 | D:9      | Reached skill level 5 in Fighting
  6666 | D:9      | Reached skill level 1 in Long Blades
  6859 | D:9      | Found a flagged portal.
  6915 | D:9      | Reached XP level 9. HP: 47/74 MP: 12/19
  7531 | D:10     | Entered Level 10 of the Dungeon
  7642 | D:10     | Reached skill level 5 in Long Blades
  7713 | D:10     | Reached XP level 10. HP: 81/81 MP: 11/22
  7788 | D:10     | Found a staircase to the Lair.
  7867 | D:10     | Noticed a two-headed ogre
  7880 | D:10     | Killed a two-headed ogre
  8445 | D:11     | Noticed a purple ugly thing
  8452 | D:11     | Killed a purple ugly thing
  8712 | D:11     | Learned a level 6 spell: Iron Shot
  8765 | D:11     | Noticed a cyclops
  8858 | Lair:1   | Entered Level 1 of the Lair of Beasts
  8875 | Lair:1   | Noticed a cane toad
  8922 | D:10     | Killed a cane toad
  9000 | Lair:1   | Noticed a cane toad
  9012 | Lair:1   | Killed a cane toad
  9013 | Lair:1   | Reached XP level 11. HP: 51/86 MP: 17/24
  9070 | Lair:1   | Noticed a four-headed hydra
  9077 | Lair:1   | Killed a four-headed hydra
  9078 | Lair:1   | Reached skill level 10 in Earth Magic
  9841 | Lair:2   | Noticed an eight-headed hydra
  9848 | Lair:2   | Killed an eight-headed hydra
  9849 | Lair:2   | Reached skill level 10 in Spellcasting
 11074 | Lair:2   | Noticed an eight-headed hydra
 11083 | Lair:2   | Slain by an eight-headed hydra

Illustrated notes

Levels and vault maps discovered:
D:1:      scummos_arrival_simple_crosswalls, layout_basic,
          ebering_ecumenical_altar_sacrificial, ebering_dispersal_statue_hall,
          minmay_tromino_v2
D:2:      layout_loops_ring, st_stairs_4, minmay_misc_feat_nine_boxes,
          kennysheep_generic_room_11
D:3:      layout_rooms, lemuel_old_faithful, uniq_robin
D:4:      layout_rooms, serial_shops, shop, shop, kennysheep_mini
D:5:      layout_basic, minmay_temple_entry_statues_fountains, serial_glass,
          glass_columns_a, glass_columns_a, glass_columns_a, glass_columns_a
D:6:      layout_basic, supply_closet_lemuel
D:7:      layout_loops_ring, nicolae_qazlal_general_emergency
D:9:      layout_irregular_city, enter_bailey_2, serial_bayou_crossing
D:10:     layout_roguey, minmay_lair_entry_grove
D:11:     minmay_recursive_quarters, layout_basic, nemelex_spade_bored_becter
Lair:1:   beast_lair_carwin_large_2, layout_layer_cave,
          portal_ice_cave_entry_pillars_1, st_stairs_7
Lair:2:   layout_chaotic_city, infiniplex_staircase_pool, grunt_megastairs_1

Skill      XL: |  1  2  3  4  5  6  7  8  9 10 11 |
---------------+----------------------------------+-----
Fighting       | 1 2 3 4 5 |  5.0
Short Blades   | 1 2 3 |  3.3
Earth Magic    | 4 5 6 7 8 9 10 | 10.9
Spellcasting   | 3 4 5 6 8 9 10 | 10.6
Conjurations   | 1 |  1.3
Long Blades    | 2 5 8 |  8.9
Dodging        | |  1.7
Stealth        | |  1.7
Shields        | |  0.3
Transmutations | |  1.0

Action                   |  1- 3 |  4- 6 |  7- 9 | 10-12 || total
-------------------------+-------+-------+-------+-------++-------
Melee: Dagger            |    19 |       |       |       ||    19
       Short sword       |    76 |     3 |       |       ||    79
       Tailslap          |     7 |     4 |    14 |    12 ||    37
       Punch             |     3 |     1 |       |     3 ||     7
       Rapier            |       |    53 |    42 |       ||    95
       Scimitar          |       |       |    61 |    77 ||   138
 Cast: Sandblast         |    34 |    70 |    49 |   129 ||   282
       Stone Arrow       |       |     3 |    42 |       ||    45
 Abil: Breathe Noxious F |       |       |    13 |    15 ||    28
  Use: Potion            |       |     1 |     2 |     4 ||     7
       Scroll            |       |     3 |     4 |     5 ||    12
 Stab: Sleeping          |     1 |       |       |       ||     1
       Confused          |       |       |       |     2 ||     2
Armor: Skin              |    38 |    30 |    51 |    47 ||   166
Dodge: Dodged            |    87 |    56 |   106 |    77 ||   326
Block: Other             |       |       |       |    15 ||    15
